Map: The Vermillion Problem

Players

Yuriprime

  • Race: Protoss Protoss
  • Spawn Location: 11:00

Serenity

  • Race: Terran Terran
  • Spawn Location: 11:00

VOD

Have the link to the VOD?

Description

Time

  • Played on: Aug. 16, 2017, 9:19 a.m.
  • Length: 22:52
Show
View Real Time Build Order
Export as new Build Order

Yuriprime Protoss 

Build Orders:  

Get SALT Encoding   

  12  0:01  Probe (Chrono Boost)  
  13  0:14  Probe (Chrono Boost)  
  14  0:26  Probe (Chrono Boost)  
  15  0:42  Probe (Chrono Boost)  
  15  0:43  Pylon  
  16  0:54  Probe (Chrono Boost)  
  17  1:00  Forge  
  17  1:06  Probe (Chrono Boost)  
  18  1:12  Assimilator  
  18  1:18  Probe (Chrono Boost)  
  18  1:26  Assimilator  
  19  1:30  Probe (Chrono Boost)  
  20  1:42  Probe (Chrono Boost)  
  20  1:49  Gateway  
  21  1:54  Probe (Chrono Boost)  
  22  2:07  Probe (Chrono Boost)  
  23  2:15  Pylon  
  23  2:19  Probe (Chrono Boost)  
  24  2:31  Probe (Chrono Boost)  
  25  2:43  Probe (Chrono Boost)  
  26  2:50  Solar Efficiency Level 1  
  26  2:56  Pylon  
  26  2:58  Photon Cannon  
  26  3:11  Probe (Chrono Boost)  
  27  3:27  Pylon  
  27  3:37  Photon Cannon  
  27  3:45  Probe  
  28  3:58  Photon Cannon  
  25  4:00  Probe  
  29  4:24  Probe  
  29  4:26  Cybernetics Core  
  30  4:39  Probe  
  30  4:41  Photon Cannon  
  31  5:00  Gateway  
  31  5:03  Gateway  
  31  5:05  Warp Gate (Chrono Boost)  
  31  5:20  Solar Efficiency Level 2  
  31  5:23  Twilight Council  
  31  5:36  Pylon  
  31  5:46  Reconstruction  
  31  6:01  Nexus  
  31  6:14  Photon Cannon  
  31  6:40  Charge  
  31  6:41  Probe  
  31  6:48  Probe  
  33  7:21  Sentinel  
  33  7:24  Sentinel  
  37  7:39  Sentinel  
  37  7:47  Sentinel  
  37  7:57  Probe  
  37  8:02  Probe  
  37  8:09  Probe  
  39  8:17  Probe  
  41  8:21  Probe  
  41  8:28  Sentinel x3  
  48  8:31  Probe (Chrono Boost)  
  48  8:35  Probe (Chrono Boost)  
  50  8:44  Probe (Chrono Boost)  
  50  8:48  Probe (Chrono Boost)  
  51  8:56  Probe (Chrono Boost)  
  51  8:59  Gateway x2  
  53  9:00  Probe (Chrono Boost)  
  53  9:01  Sentinel  
  53  9:07  Sentinel  
  53  9:09  Probe (Chrono Boost)  
  58  9:19  Sentinel, Probe (Chrono Boost)  
  61  9:21  Probe (Chrono Boost)  
  63  9:31  Probe (Chrono Boost)  
  64  9:54  Probe (Chrono Boost)  
  64  9:57  Probe (Chrono Boost)  
  66  10:06  Probe (Chrono Boost)  
  66  10:08  Reclamation  
  67  10:18  Pylon  
  67  10:19  Probe (Chrono Boost)  
  67  10:22  Sentinel  
  67  10:29  Sentinel x2  
  72  10:30  Sentinel  
  72  10:31  Probe (Chrono Boost)  
  72  10:35  Assimilator  
  75  10:42  Photon Cannon  
  75  10:43  Assimilator, Probe (Chrono Boost)  
  75  10:44  Photon Cannon  
  76  10:55  Probe (Chrono Boost)  
  76  10:57  Sentinel  
  77  11:01  Sentinel  
  77  11:31  Pylon  
  77  11:33  Pylon  
  77  11:36  Pylon  
  77  11:37  Pylon  
  76  11:41  Pylon  
  76  11:49  Sentinel  
  76  11:51  Sentinel  
  76  11:53  Energizer x3  
  76  11:54  Energizer x2, Protoss Ground Weapons Level 1 (Chrono Boost)  
  76  11:57  Rapid Recharging  
  86  12:09  Photon Cannon  
  86  12:10  Photon Cannon  
  86  12:12  Photon Cannon  
  86  12:16  Photon Cannon  
  86  12:19  Photon Cannon  
  82  12:22  Photon Cannon  
  82  12:27  Sentinel, Gateway  
  82  12:29  Sentinel x2  
  82  12:30  Gateway  
  82  12:31  Sentinel  
  82  12:32  Sentinel  
  82  12:34  Gateway  
  82  12:37  Sentinel  
  82  12:39  Energizer  
  82  12:47  Sentinel x3  
  82  12:48  Sentinel x2  
  92  12:52  Energizer  
  92  13:00  Sentinel  
  92  13:05  Sentinel  
  92  13:21  Gateway  
  92  13:22  Energizer x2  
  92  13:23  Energizer x3  
  92  13:24  Gateway  
  102  13:31  Gateway  
  102  13:33  Gateway  
  102  13:41  Gateway  
  102  13:51  Sentinel x2  
  102  13:52  Sentinel x3  
  110  14:01  Sentinel x3  
  110  14:07  Sentinel  
  114  14:12  Sentinel, Pylon  
  114  14:14  Sentinel  
  114  14:15  Pylon  
  114  14:16  Sentinel  
  114  14:19  Pylon  
  114  14:21  Sentinel  
  114  14:22  Sentinel x3  
  114  14:23  Sentinel  
  118  14:30  Sentinel  
  118  14:39  Sentinel  
  118  14:47  Sentinel  
  118  14:48  Sentinel x5  
  118  14:49  Sentinel  
  128  15:00  Sentinel  
  130  15:13  Sentinel x5  
  130  15:15  Sentinel  
  140  15:36  Sentinel  
  140  15:41  Sentinel  
  140  15:46  Sentinel  
  140  15:52  Sentinel x3  
  140  15:54  Sentinel x2  
  140  15:55  Sentinel  
  140  15:56  Sentinel, Pylon  
  140  15:57  Sentinel  
  140  15:58  Sentinel  
  140  15:59  Pylon  
  137  16:00  Sentinel x6  
  137  16:01  Pylon  
  137  16:02  Sentinel  
  137  16:03  Pylon  
  137  16:05  Sentinel, Pylon  
  137  16:08  Protoss Ground Weapons Level 2 (Chrono Boost)  
  137  16:09  Sentinel  
  136  16:34  Energizer x5  
  136  16:35  Energizer x2  
  147  16:44  Advanced Repair Systems  
  147  16:45  Sentinel x2  
  147  16:47  Sentinel x2, Probe  
  148  16:51  Sentinel  
  148  16:59  Sentinel  
  148  17:00  Sentinel  
  148  17:02  Sentinel, Probe  
  148  17:03  Sentinel x2  
  148  17:04  Sentinel  
  148  17:07  Sentinel x4  
  148  17:08  Sentinel x5  
  163  17:11  Sentinel  
  163  17:15  Sentinel  
  163  17:17  Probe  
  158  17:25  Sentinel  
  158  17:26  Sentinel x5  
  158  17:38  Sentinel x5  
  158  17:39  Sentinel x2  
  166  17:40  Phase Detonation  
  156  17:52  Sentinel  
  154  18:02  Sentinel  
  154  18:03  Sentinel x4  
  154  18:04  Sentinel x3  
  163  18:30  Sentinel x3  
  163  18:31  Sentinel  
  163  18:34  Sentinel  
  163  18:35  Sentinel  
  163  18:36  Sentinel x2  
  163  18:37  Sentinel x3  
  163  18:39  Sentinel  
  171  19:06  Sentinel x2  
  169  19:13  Sentinel  
  169  19:14  Pylon  
  169  19:15  Sentinel x3  
  169  19:17  Sentinel, Pylon  
  159  19:20  Sentinel  
  159  19:21  Sentinel  
  159  19:22  Pylon  
  159  19:23  Sentinel  
  159  19:24  Sentinel, Pylon  
  159  19:25  Sentinel x2  
  159  19:26  Sentinel x2  
  159  19:27  Pylon  
  159  19:30  Sentinel x4  
  159  19:31  Sentinel  
  159  19:32  Energizer  
  159  19:33  Energizer x5, Sentinel x2  
  159  19:34  Energizer  
  159  19:38  Sentinel  
  169  19:56  Sentinel  
  169  19:57  Sentinel x5  
  175  20:11  Sentinel x2  
  175  20:12  Sentinel  
  175  20:15  Sentinel  
  175  20:17  Sentinel  
  175  20:18  Sentinel  
  175  20:19  Sentinel  
  175  20:20  Sentinel x3  
  175  20:21  Sentinel  
  175  20:24  Sentinel x2  
  175  20:25  Sentinel  
  175  20:26  Sentinel  
  175  20:27  Sentinel  
  175  20:29  Sentinel  
  175  20:31  Sentinel x2  
  175  20:32  Sentinel x6  
  175  20:33  Sentinel x4  
  175  20:34  Sentinel x2  
  175  20:36  Sentinel  
  191  20:40  Sentinel  
  191  20:44  Sentinel  
  153  21:00  Sentinel  
  153  21:02  Sentinel x5  
  153  21:03  Sentinel x5  
  153  21:04  Sentinel x3  
  153  21:07  Sentinel  
  163  21:10  Sentinel  
  163  21:13  Sentinel  
  163  21:14  Sentinel  
  163  21:15  Sentinel  
  163  21:16  Sentinel  
  163  21:19  Sentinel  
  157  21:38  Sentinel  
  157  21:39  Sentinel  
  134  22:00  Sentinel x4  
  134  22:01  Sentinel x5  
  134  22:02  Sentinel  
Show
View Real Time Build Order
Export as new Build Order

Serenity Terran 

Build Orders:  

Get SALT Encoding   

  12  0:44  Supply Depot  
Tags
 
Add a new tag
Caveats
  • Supply blocks, unpowered buildings, or Contaminate may cause inaccurate times.
  • Supply counts are checked every 10 seconds.